[Event "Candidates Tournament"]
[Site "Khanty-Mansiysk"]
[Date "2014.03.26"]
[Round "11"]
[White "Topalov, Veselin"]
[Black "Karjakin, Sergey"]
[Result "1/2-1/2"]
[ECO "A30"]
[WhiteElo "2785"]
[BlackElo "2766"]
[Annotator "Marin,M"]
[PlyCount "114"]
[EventDate "2014.03.13"]
[EventType "tourn"]
[EventRounds "14"]
[EventCountry "RUS"]
[EventCategory "21"]
[SourceTitle "CBM 160"]
[Source "ChessBase"]
[SourceDate "2014.05.15"]
[SourceVersion "1"]
[SourceVersionDate "2014.05.15"]
[SourceQuality "1"]
[TimeControl "40/7200:20/3600:900+30"]
[WhiteClock "0:59:26"]
[BlackClock "0:56:56"]

1. Nf3 Nf6 2. c4 b6 3. g3 c5 4. Bg2 Bb7 5. O-O g6 6. d4 cxd4 7. Qxd4 Bg7 8. Nc3 d6 9. Rd1 Nbd7 10. Be3 Rc8 11. Rac1 a6 12. b3 O-O 13. Qh4 Rc7 {[%emt 0:00:29] The most popular move.} ({
Something might have bothered Karjakin during this game, though, since
slightly later, in two of his games from the Gashimov Memorial, he switched to
} 13... Re8) 14. g4 $5 {[%emt 0:00:18] An ambitious move, aiming to weaken
Black's control over the d5-square and gain kingside space. Its drawback is
that the queen might have problems getting back into the play properly after
g4-g5, ...Nh5.} (14. Bh3 {Meier,G (2668)-Danin,A (2556) Dresden 2012 EXT 2014 
[Gutman,L] (1-0, 38)}) (14. Bh6 {Karpov,A (2688)-Gelfand,B (2704) Cap d'Agde
2002 CBM 092 [Stohl,I] (0-1, 40)}) 14... Rc8 {[%emt 0:02:21] Typical for
modern chess. Black willingly loses two tempi, considering that g3-g4-g5
rather weakens White's position.} (14... h6 {Kramnik,V (2751)-Karpov,A (2710)
Dos Hermanas 1999 CBM 071 [Stohl,I] (1/2-1/2, 33)}) (14... Qa8 15. g5 Ne4 (
15... Nh5 16. Nd5 Bxd5 17. cxd5 Rxc1 18. Rxc1 $5 Qxd5 19.
Rc7 $36) 16. Nd5 Bxd5 17. Rxd5 Nec5 {Weber,U (2413)-Eingorn,V (2562) Bad
Wiessee 2010 (1/2-1/2, 44)} 18. Rd2 Qb8 19. Nd4 Rfc8 20. Rdc2 $14) (14... b5
15. g5 Nh5 16. Nd5 Rc8 (16... Bxd5 17. cxd5 Rxc1 18. Rxc1 Qa5 {Hamdouchi,H 
(2535)-Solozhenkin,E (2506) France 2001 (1/2-1/2, 24)} 19. Rc2 $16 ) 17. Nd4 bxc4 18. Nxe7+ Qxe7 19. Bxb7 $16 {Kraai,J (2514)
-Browne,W (2449) San Francisco 2012 (1-0, 38)}) 15. g5 $146 ({
Karjakin had faced} 15. Bh3 b5 16. cxb5 (16. g5 Nh5 {would transpose to the
analysis below.}) 16... Qa5 17. Bd2 Bxf3 18. exf3 axb5 19. g5 b4 20. gxf6 ({
In a later move White deviated with the more consistent} 20. Na4 Ne5 21. Bg2
Nd5 22. f4 Nd7 $13 {Banusz,T (2593)-Sargissian,G (2676) Warsaw 2013 (1/2-1/2,
53)}) 20... Bxf6 21. Qe4 bxc3 22. Bxd7 Rcd8 23. Bxc3 Bxc3 24. Qxe7 d5 25. Bb5
d4 $44 {Jakovenko,D (2729)-Karjakin,S (2766) Sochi 2012 CBM 148 [Karjakin,S] 
(0-1, 53)}) 15... Nh5 16. Ne4 (16. Bh3 b5 {
Despite the strong pressure in the centre, White has no constructive way of
taking the initiative.} 17. c5 {After this resolute move, Black can sacrifice
the exchange and even the queen. The justification is always that the white
queen has restricted mobility.} (17. Nd2 Be5 18.
f4 Bxc3 $5 19. Rxc3 Qa5 20. Rc2 Rc7 21. f5 Ne5 {It is not entirely clear yet
if White can use his dark-squared bishop for attacking purposes, while
otherwise Black is doing fine.}) 17... Rxc5 $1 18. Bxc5 Nxc5 19. Nd5 (19. Nxb5
{can be met in many ways, but I prefer:} axb5 20. Rxc5 dxc5 21. Rxd8 Rxd8 $44
22. Bf1 Bxf3 23. exf3 Rd4 24. Qh3 e6 $44 25. Bxb5 $2 Rd1+ 26. Bf1
Nf4 27. Qg4 Be5 $19 28. a4 h5 29. gxh6 Kh7 30. a5 f5 31. Qh4 g5 32. Qxg5 Nh3+)
19... e6 20. Rxc5 dxc5 21. Nf6+ Bxf6 22. Rxd8 Bxd8 $44 ) 16...
Rc7 {[%emt 0:24:28][%cal Gd8a8] The rook returns to this square after the
circumstances have changed. It took Karjakin nearly half an hour to decide
upon this move, quite understandably.} (16... Bb2 17. Rc2 Bh8 {Hoping to
transfer the knight to f5, but sadly this is not possible.} 18. Ng3 Ng7 $6 19.
Ne5 $1 Bxg2 20. Ng4 $1 $16 ) (16... Qc7 17. Ng3 $14)
17. Ng3 Nxg3 18. hxg3 $14 {[%emt 0:00:04]
White has improved his positon and has some potential threats along the h-file}
Qa8 19. Ne1 ({The straightforward} 19. Kh2
Rfc8 20. Rh1 b5 21. Kg1 Nf8 {does not yield anything. As we will see, Topalov
intended to make use of the h-file in another way.}) (19. Bh3 $5 Bxf3 (19...
Nc5 20. Nd4 $14) 20. exf3 Ne5 21. Bg2 Nxf3+ 22. Bxf3 Qxf3 23. Bxb6 Rc6 24. Be3
$14 ) 19... Nc5 20. Qh1 {[%emt 0:02:
08] Cornering the queen is typical for openings with reduced space. For
instance, Black sometimes resorts to this kind of regrouping. As a recent
example we can take the third game from the Carlsen-Anand match. But in that
game, too, Black had no space at all and this regrouping was some sort of
desperate way of staying in the game. And yet, Topalov's move is strong, since
despite his space advantage, the queen needed redeploying.} Rfc8 21. Bxb7 $6 {[%emt 0:07:44] It is always a good question what to do when
bishops are in tension this way. In this case, I feel that releasing the
tension only helps Black improve his position slightly. Mainly, it allows him
to defend the b6-pawn.} ({I would prefer carrying out the same plan as in the
game without exchanging bishops. Let Black do it!} 21. Nd3 Nxd3 22. exd3 b5 (
22... Bxg2 23. Qxg2 Qxg2+ 24. Kxg2 Rb7 25. a4 f6 26. gxf6 Bxf6 {White is a
couple of tempi ahead of the game position, which he can exploit with, say,}
27. g4 h5 28. Rh1 hxg4 29. Kg3 $14) 23. Bxb7 Rxb7 24. d4 bxc4 25. Rxc4 Rbb8 (
25... Rxc4 26. bxc4 Rb8 27. Qxa8 Rxa8 28. Rb1 Rc8 29. c5 $14) 26. Qxa8 Rxa8 27.
Rdc1 Rxc4 28. Rxc4 $14) 21... Qxb7 22. Qxb7 Rxb7 23. Nd3 Nxd3 (23... a5 24. Nf4 $14) 24. exd3 f6 $132 {[%emt 0:01:
06] Black gradually solves his problems now.} 25. gxf6 Bxf6 26. a4 $5 h5 (
26... a5 27. Kg2 h5 28. g4 $5) 27. b4 Kf7 28.
Kg2 Ke6 29. Kf3 (29. g4 $2
hxg4 30. Kg3 Kf5 $15) 29... Rf8 30. Ke2 Kf5 31. f3 g5 $1 {[%emt 0:01:51] The game has not
gone White's way. Black is absolutely fine.} 32. Rh1 Kg6 (32... h4 33. Kf2) 33. Rc2 e5 34. b5 Ra8 35. a5 $6 {[%emt 0:03:30] Too
ambitious and looking for trouble actually.} bxa5 36. b6 Bd8 37. Rb1 Rab8 38. Ra2 Bxb6 $1 39. Rab2 Bxe3 (39... a4 40. Rxb6 $1 (40. c5 $2 dxc5 41. Bxc5 Bxc5 42.
Rxb7 Rxb7 43. Rxb7 a5 $1 44. Rc7 Bb4 45. Rc2 a3 46. g4 h4 47. Ke3 h3 48. Ke4 Be1 49. Ra2 Bc3 $1
$19) (40. Bxb6 a3 $17) 40... Rxb6 41. Rxb6 Rxb6 42. Bxb6 a3 43. Ba5 a2 44. Bc3
$11) 40. Rxb7 Rxb7 41. Rxb7 Bc5 $15 {[%emt 0:00:30] Only Black can play here.} 42. Rb8 a4 43. Kd1 h4 44. Rg8+ Kf6 45. g4 Bf2 (45... Bg1 46. Rf8+ $1 (46. Rh8 e4 $1 47.
fxe4 Ke5) 46... Ke7 47. Rg8 Be3 48. Rg6 Bf4 49. Rh6 a3 50. Kc2 $11) (45... e4
46. fxe4 Ke5 47. Rf8 Kd4 48. Kc2 a3 49. Rf3 $11) 46. Rh8 Kg7 47. Rh5 Kg6 48. Kc2 Bd4 49. Kb1 a3 50.
Ka2 Bb2 51. Kb3 Bc1 52. Ka2 Bb2 53. Kb3 a5 54. Ka2 a4 55.
Kb1 Bd4 56. Ka2 Bb2 57. Kb1 Bd4 1/2-1/2

[Event "Candidates Tournament"]
[Site "Khanty-Mansiysk"]
[Date "2014.03.29"]
[Round "13"]
[White "Svidler, Peter"]
[Black "Mamedyarov, Shakhriyar"]
[Result "1/2-1/2"]
[ECO "B90"]
[WhiteElo "2758"]
[BlackElo "2757"]
[Annotator "ChessBase Website"]
[PlyCount "83"]
[EventDate "2014.03.13"]
[EventType "tourn"]
[EventRounds "14"]
[EventCountry "RUS"]
[EventCategory "21"]
[SourceTitle "CBM 160"]
[Source "ChessBase"]
[SourceDate "2014.05.15"]
[SourceVersion "1"]
[SourceVersionDate "2014.05.15"]
[SourceQuality "1"]
[TimeControl "40/7200:20/3600:900+30"]
[WhiteClock "0:59:26"]
[BlackClock "0:56:56"]

1. e4 c5 2. Nf3 d6 3. d4 cxd4 4. Nxd4 Nf6 5. Nc3 a6 6. Be3 Ng4 7. Bg5 h6 8. Bh4 g5 9. Bg3 Bg7 10. Be2 h5 11. h4 Nc6 12. Nb3 gxh4 13.
Bxh4 Be6 14. Qd2 Qb6 15. Nd5 Bxd5 16. exd5 Nd4 17. Nxd4 Qxd4 18. Qxd4 Bxd4 19. c3 $146 (19. O-O-O Be5 20. Rh3 Kd7 21. Rb3 Rab8 22. a4 Rhg8 23. Kb1 Bf6 24. Rh1
Bxh4 25. Rxh4 Nf6 26. g3 Nxd5 27. Bxh5 Nc7 28. Bxf7 Rg7 29. Bh5 b5 30. axb5
axb5 31. Be2 Rf8 32. f4 Kc8 33. Rh5 Rfg8 34. g4 e6 35. Bf3 Kd7 36. f5 Rg5 37.
fxe6+ Kxe6 38. Re3+ Kd7 39. Be4 R8g7 40. Bf5+ Kc6 41. Rc3+ Kb7 42. Rxg5 Rxg5
43. Rh3 Kb6 44. Rh5 Rg7 45. Rh7 Rg8 46. Kc1 {1-0 (46) Kotronias,V (2530)-King,
D (2500) Gausdal 1993}) 19... Bf6 20. O-O-O Kd7 {[%emt 0:05:11] A Najdorf quickly turned into a dull double rook endgame
that neither side had realistic winning chances in, depspite the fact that
White's structure was much superior.} 21. Bxg4+ hxg4 22. Bxf6 exf6 23. Rxh8 Rxh8 24. Rd4 Rh5 25.
Rxg4 Rxd5 26. Rf4 Ke6 27. Kc2 Rg5 28. g3 Re5 29. Kd3 Rd5+ 30.
Rd4 Rf5 31. Re4+ Kd7 32. Ke3 Re5 33. Kd4 Rh5 34. a4 b6 35. b3 Rh1 36. Kd3 Rd1+ 37. Kc2 Rf1 38. Rf4 Ke6 39. Kd3 f5 40. Ke2 Rc1 41. Kd2 Rf1 42. Ke2 1/2-1/2

[Event "Candidates Tournament"]
[Site "Khanty-Mansiysk"]
[Date "2014.03.30"]
[Round "14"]
[White "Anand, Viswanathan"]
[Black "Svidler, Peter"]
[Result "1/2-1/2"]
[ECO "C89"]
[WhiteElo "2770"]
[BlackElo "2758"]
[Annotator "ChessBase Website"]
[PlyCount "67"]
[EventDate "2014.03.13"]
[EventType "tourn"]
[EventRounds "14"]
[EventCountry "RUS"]
[EventCategory "21"]
[SourceTitle "CBM 160"]
[Source "ChessBase"]
[SourceDate "2014.05.15"]
[SourceVersion "1"]
[SourceVersionDate "2014.05.15"]
[SourceQuality "1"]
[TimeControl "40/7200:20/3600:900+30"]
[WhiteClock "1:03:38"]
[BlackClock "1:07:24"]

1. e4 e5 2. Nf3 Nc6 3. Bb5 a6 4. Ba4 Nf6 5. O-O Be7 6. Re1 b5 7. Bb3 O-O 8. c3 d5 9. exd5 Nxd5 10. Nxe5 Nxe5 11. Rxe5 c6 12. d3 {[%emt 0:02:19] With the tournament
already in the bag it didn't make any sense for Anand to play for blood or to
show anything new in his preparation. Svidler's Marshall was more than
sufficient to jump into an easily drawn endgame.} Bd6 13. Re1 Bf5 14. Qf3 Qf6 15. Nd2 Qg6 16. Bd1 Bxd3 17. Ne4 Bxe4 18. Qxe4 Qxe4 19. Rxe4 Rae8 20. Rxe8 Rxe8 21. Kf1 Bf4 22. Bf3 Bxc1 23. Rxc1 Kf8 24. a3 $146 (24. b3 Re6 25. c4 Nb4 26.
cxb5 cxb5 27. a4 bxa4 28. bxa4 Nd3 29. Rb1 Nc5 30. a5 Re5 31. Be2 Ne6 {1/2-1/2
(31) Shirov,A (2696)-Nyback,T (2599) Jyvaskyla 2014}) 24... Rd8 25. c4 Nf4 26. Bxc6 Nd3 27. Rc2 bxc4 28. Rxc4 Nxb2 29. Rc2 Rc8 30. Ke2 Ke7 31. Be4 Rxc2+ 32. Bxc2 Nc4 33. Bd3 Nxa3 34. Bxa6 1/2-1/2

[Event "Candidates Tournament"]
[Site "Khanty-Mansiysk"]
[Date "2014.03.30"]
[Round "14"]
[White "Mamedyarov, Shakhriyar"]
[Black "Kramnik, Vladimir"]
[Result "1/2-1/2"]
[ECO "E36"]
[WhiteElo "2757"]
[BlackElo "2787"]
[Annotator "ChessBase Website"]
[PlyCount "60"]
[EventDate "2014.03.13"]
[EventType "tourn"]
[EventRounds "14"]
[EventCountry "RUS"]
[EventCategory "21"]
[SourceTitle "CBM 160"]
[Source "ChessBase"]
[SourceDate "2014.05.15"]
[SourceVersion "1"]
[SourceVersionDate "2014.05.15"]
[SourceQuality "1"]
[TimeControl "40/7200:20/3600:900+30"]
[WhiteClock "1:16:35"]
[BlackClock "1:04:48"]

1. d4 Nf6 2. c4 e6 3. Nc3 Bb4 4. Qc2 O-O 5. a3 Bxc3+ 6. Qxc3 d5 7. Nf3 dxc4 8. Qxc4 b6 9. Bg5 Ba6 10. Qa4 Qd7 11. Qxd7 Nbxd7 12. Bxf6 Nxf6 $11 {
[%emt 0:01:41] Kramnik easily diffused Mamedyarov's Nimzo-Indian and it
quickly fizzled out to a draw.} 13. e3 Bb7 14. Rc1 Rac8 $146 (14... c5 15. dxc5 Rac8 16.
Bb5 Rxc5 17. Rxc5 bxc5 18. Ke2 Rb8 19. Rd1 Bd5 20. a4 Ne4 21. Nd2 Nd6 22. e4
Ba8 23. f3 Kf8 24. Nb3 Nxb5 25. axb5 Rxb5 26. Rd8+ Ke7 27. Rxa8 Rxb3 28. Rxa7+
Kf6 29. Ra2 g5 30. Kd2 h5 31. Kc2 Rb5 32. Kd2 Rb3 33. Kc2 Rb5 34. Ra7 g4 35.
Rc7 gxf3 36. gxf3 h4 37. h3 Ra5 38. Kb1 Kg6 39. b3 f6 40. Rc6 e5 41. Kb2 Kg5
42. Kb1 Ra8 43. Rxc5 Kf4 44. Rc6 {Span,P (2296)-Rotstein,A (2500) Netherlands
2008 0-1}) 15. Ne5 Rfd8 16. f3 c5 17. dxc5 Nd7 18.
Nxd7 Rxd7 19. e4 Kf8 20. b4 bxc5 21. Bb5 Rdc7 22. Kd2 cxb4 23. axb4 Rxc1 24. Rxc1 Rxc1 25. Kxc1 e5 26. Kd2 Ke7 27. Kd3 Kd6 28. Bc4 f6 29. g4 g5 30. Kc3 Bc8 1/2-1/2

[Event "Candidates Tournament"]
[Site "Khanty-Mansiysk"]
[Date "2014.03.30"]
[Round "14"]
[White "Topalov, Veselin"]
[Black "Andreikin, Dmitry"]
[Result "1/2-1/2"]
[ECO "C65"]
[WhiteElo "2785"]
[BlackElo "2709"]
[Annotator "ChessBase Website"]
[PlyCount "138"]
[EventDate "2014.03.13"]
[EventType "tourn"]
[EventRounds "14"]
[EventCountry "RUS"]
[EventCategory "21"]
[SourceTitle "CBM 160"]
[Source "ChessBase"]
[SourceDate "2014.05.15"]
[SourceVersion "1"]
[SourceVersionDate "2014.05.15"]
[SourceQuality "1"]
[TimeControl "40/7200:20/3600:900+30"]
[WhiteClock "1:02:54"]
[BlackClock "0:19:49"]

1. e4 e5 2. Nf3 Nc6 3. Bb5 Nf6 4. d3 Bc5 5. O-O Nd4 6. Nxd4 Bxd4 7. c3 Bb6 8. Na3 c6 9. Ba4 O-O 10. Bg5 h6 $146 (10... d6 11.
Nc4 h6 12. Bh4 Be6 13. Nxb6 axb6 14. a3 Qe7 15. Bc2 Rad8 16. d4 Rfe8 17. Qf3 b5
18. h3 Bc8 19. Rae1 Be6 20. Kh1 Bc8 21. Bd3 Be6 22. Bc2 {1/2-1/2 (22)
Venkatesh,M (2450)-Gupta,A (2412) Bikaner 2004}) 11. Bh4 d5 12. exd5 cxd5 13. Bb3 g5 {[%emt 0:12:06][%csl Rf5,Rg6,Rh6] The other hard-fought
game of the round. White always had some lingering positional advantages in
the position, especially targeting Black's weak pawns on the kingside. However
Andreikin always had some nagging counterplay with his active pieces. Topalov
managed to win a pawn but his own structure was compromised, eventually
leading to an easily drawn bishop endgame.} 14. Bg3 Re8 15. Re1 Bc7 16. Nc2 Bg4 17. Qd2 d4 18.
h3 Bf5 19. Ba4 Bd7 20. Bxd7 dxc3 21. Qxc3 Nxd7 22. d4 Rc8 23. Qb3 Ba5 24. Re2 exd4 25. Rxe8+ Qxe8 26. Nxd4 Nc5 27. Qf3 Qe4 28. Nf5 Qxf3 29. gxf3 Rd8 30. Nxh6+ Kg7 31. Nf5+ Kg6 32. Nd6 Bb6 33. Nc4 Ne6 34. Re1 Bd4 35. b3 Rd5 36. Kf1 Bc5 37. Re2 a6 38. Rd2 Rxd2 39. Nxd2 f5 40.
Bb8 f4 41. Ne4 Be7 42. Ba7 Kh5 43. Bb6 Kh4 44. Kg2 Bd8 45. Bc5 Kh5 46. Bd6 Kh4 47. Bb4 Kh5 48. Ba3 Kg6 49. Kf1 Kh5 50. Bb4 Kg6 51. Nd2 Kh5 52. Nc4 Bc7 53. Be7 Kh4 54. Kg2 Bd8 55. Bb4 Bc7 56. Nd2 Kh5 57. Ne4 Bd8 58. Kf1 Kg6 59. Bd6 Kh5 60. Ba3 Kg6 61. Bb2 Be7 62. a4 Kh5 63. Be5 Kh4 64. Kg2 Nc5 65. Nxc5 Bxc5 66. Bf6 Bd6 67. Kf1 Kxh3 68. Bxg5 Kh2 69. Ke2 Kg2 1/2-1/2